 Dungeon Crawl Stone Soup version 0.30-a0-292-g0f741e3f8e (webtiles) character file.

Game seed: 5860983094523907744

5 plokij the Shooter (level 1, -6/16 HPs)
             Began as a Minotaur Hunter on Oct 17, 2022.
             Was a Follower of Hepliaklqana.
             Mangled by Terence
             ... wielding a +0 flail
              (11 damage)
             ... on level 2 of the Dungeon.
             The game lasted 00:01:09 (146 turns).

plokij the Shooter (Minotaur Hunter)                 Turns: 146, Time: 00:01:09

Health: -6/16      AC:  3    Str: 15    XL:     1   Next: 66%
Magic:  0/0        EV: 12    Int:  6    God:    Hepliaklqana [*.....]
Gold:   10         SH:  0    Dex: 13    Spells: 0/0 levels left

rFire   . . .      SeeInvis .    a - +0 shortbow
rCold   . . .      Faith    .    (shield currently unavailable)
rNeg    . . .      Spirit   .    c - +0 leather armour
rPois   .          Reflect  .    (helmet restricted)
rElec   .          Harm     .    (no cloak)
rCorr   .          Rampage  .    (no gloves)
Will    .....                    (no boots)
Stlth   +.........               (no amulet)
HPRegen 0.22/turn                (no ring)
MPRegen 0.07/turn                (no ring)

@: no status effects
A: reduced essence, horns 2, retaliatory headbutt
a: Renounce Religion, Recall Ancestor, Ancestor Identity


You were on level 2 of the Dungeon.
You worshipped Hepliaklqana.
Hepliaklqana was aware of your devotion.
You visited 1 branch of the dungeon, and saw 2 of its levels.

You collected 10 gold pieces.

Inventory:

Hand Weapons
 a - a +0 shortbow (weapon)
Armour
 c - a +0 leather armour (worn)
Scrolls
 b - a scroll of immolation


   Skills:
 + Level 2.6 Fighting
 + Level 4.4 Ranged Weapons
 + Level 2.3 Dodging
 + Level 1.0 Stealth


You couldn't memorise any spells.
You didn't know any spells.
Your spell library was empty.

Dungeon Overview and Level Annotations

Branches:
Dungeon (2/15)

Altars:
Hepliaklqana

Shops:
D:1 =

Annotations:
D:2 Terence


Innate Abilities, Weirdness & Mutations

Your life essence is reduced to manifest your ancestor. (-10% HP)
You have a pair of horns on your head.
You reflexively headbutt those who attack you in melee.


Message History

Found a stone staircase leading down.
The bat hits you but does no damage.
You shoot an arrow. The arrow hits the bat.
The bat is moderately wounded.
The bat closely misses you.
Hsekiu hits the bat.
The bat closely misses you. The bat closely misses you.
You furiously retaliate!
You headbutt the bat.
You kill the bat!
Your Stealth skill increases to level 1!
There is a stone staircase leading down here.
You climb downwards.
There is a stone staircase leading up here.
You swap places.
Terence shouts!
Terence hits you with a +0 flail.
You shoot an arrow.
The arrow hits Terence but does no damage.
Terence hits you with a +0 flail!
* * * LOW HITPOINT WARNING * * *
You shoot an arrow.
The arrow hits Terence but does no damage.
Terence misses you.
You shoot an arrow. The arrow closely misses Terence.
Terence closely misses you. You furiously retaliate!
You headbutt Terence! Terence barely misses you. You furiously retaliate!
You headbutt Terence, but do no damage. You shoot an arrow.
The arrow closely misses Terence.
Terence closely misses you.
You shoot an arrow.
The arrow hits Terence but does no damage.
Terence is heavily wounded.
Terence barely misses you.
You shoot an arrow. The arrow hits Terence.
Terence is severely wounded.
Terence barely misses you.
You shoot an arrow. The arrow closely misses Terence.
Terence closely misses you. Terence barely misses you.
You shoot an arrow. The arrow hits Terence.
Terence is almost dead.
Terence hits you with a +0 flail!
Ouch! That really hurt!
You die...

###
..#
#.#
#.#
#<#
#.#
#R#
#@#
#@#
..#
....
....#
#.....
#.##.#
#. #.#


You could see the friendly Hsekiu the ancestor and Terence (ally target).

Vanquished Creatures
  A bat (D:1)
  2 endoplasms (D:1)
3 creatures vanquished.

Vanquished Creatures (collateral kills)
  A ball python (D:1)
1 creature vanquished.

Grand Total: 4 creatures vanquished

Notes
Turn   | Place    | Note
-------+----------+-------------------------------------------
     0 | D:1      | plokij the Minotaur Hunter began the quest for the Orb.
     0 | D:1      | Reached XP level 1. HP: 18/18 MP: 0/0
    32 | D:1      | Found a faded altar of an unknown god.
    42 | D:1      | Prayed at the altar of an unknown god.
    42 | D:1      | Became a worshipper of Hepliaklqana the Forgotten
    42 | D:1      | Reached * piety under Hepliaklqana
    76 | D:1      | Found Suxkan's Jewellery Shoppe.
   131 | D:1      | Reached skill level 1 in Stealth
   135 | D:2      | Noticed Terence
   146 | D:2      | Mangled by Terence

Illustrated notes

Levels and vault maps discovered:
D:1:      wander_arrival_lonely_grave, layout_basic, serial_shops,
          shop_fountains, shop, nicolae_shop_trees, basic_ecumenical_altar
D:2:      layout_loops_corners, uniq_terence

Skill      XL: |  1 |
---------------+----+-----
Stealth        | 1 |  1.0
Fighting       | |  2.6
Ranged Weapons | |  4.4
Dodging        | |  2.3

Action                   || total
-------------------------++-------
 Fire: Shortbow          ||    17
Armor: Leather armour    ||     6
Dodge: Dodged            ||    31

Table legend: (Time is in decaauts)
 A = Elapsed time spent in this place.
 B = Non-inter-level travel time spent in this place.
 C = Inter-level travel time spent in this place.
 D = Time resting spent in this place.
 E = Time spent auto-exploring this place.
 F = Levels seen in this place.
 G = Mean time per level.
                   A        B        C        D        E       F      G
               +--------+--------+--------+--------+--------+-----+--------+
         Total |    151 |    122 |     29 |      0 |     57 |   2 |   75.5 |
       Dungeon |    151 |    122 |     29 |      0 |     57 |   2 |   75.5 |
               +--------+--------+--------+--------+--------+-----+--------+

Top non-repeatable levels by time:
     D:1: 138 daAuts
     D:2: 13 daAuts
